 Dungeon Crawl Stone Soup version 0.29-a0-648-g6b26cc9f40 (webtiles) character file.

Game seed: 2158099344273824824

2942 dsb7d the Carver (level 9, -2/78 HPs)
             Began as a Minotaur Fighter on June 21, 2022.
             Slain by Amaemon
             ... wielding a -2 demon whip of venom
              (6 damage)
             ... on level 8 of the Dungeon.
             The game lasted 00:47:11 (9626 turns).

dsb7d the Carver (Minotaur Fighter)                 Turns: 9626, Time: 00:47:11

Health: -2/78      AC:  9    Str: 29    XL:     9   Next: 51%
Magic:  8/8        EV: 11    Int:  5    God:
Gold:   364        SH:  5    Dex: 12    Spells: 5/8 levels left

rFire   . . .      SeeInvis .   w - +0 dagger
rCold   + . .      Faith    .   c - +0 buckler
rNeg    + . .      Spirit   .   W - +1 scale mail {rC+}
rPois   .          Reflect  .   (helmet restricted)
rElec   .          Harm     .   (no cloak)
rCorr   .          Rampage  .   (no gloves)
Will    .....                   (no boots)
Stlth   +.........              (no amulet)
HPRegen 0.23/turn               j - +6 ring of strength
MPRegen 0.11/turn               I - ring of positive energy

@: mighty, lethally poisoned (-2 -> -3)
A: horns 2, retaliatory headbutt
a: no special abilities


You were on level 8 of the Dungeon.
You visited 2 branches of the dungeon, and saw 9 of its levels.

You collected 364 gold pieces.

Inventory:

Hand Weapons
 a - a +0 flail
 d - a +0 short sword of protection
 f - a +0 dagger
 m - a +3 vampiric short sword
 n - a +0 short sword
 u - a +0 hunting sling
 v - a +3 vorpal hand axe
 w - a +0 dagger (weapon)
 x - a +0 mace
 y - the +4 long sword of Causality {vorpal, rElec Will- Str+2 Int+4}
   (You found it on level 3 of the Dungeon)

   It inflicts extra damage upon your enemies.
   Str:       It affects your strength (+2).
   Int:       It affects your intelligence (+4).
   rElec:     It insulates you from electricity.
   Will:      It decreases your willpower.
 B - a +0 hand axe of flaming
 E - a +2 dagger of draining
 F - a +0 hunting sling
 T - a +2 quarterstaff of chaos
 Z - a +0 club
Missiles
 g - 54 stones
 C - 10 poisoned darts
 M - 2 boomerangs (quivered)
Armour
 b - a +0 scale mail
 c - a +0 buckler (worn)
 e - a +0 leather armour
 s - a +0 ring mail
 A - a +0 buckler
 G - a +0 helmet
 J - a +0 scale mail
 N - +0 steam dragon scales
 V - a +1 barding of flying
 W - a +1 scale mail of cold resistance (worn)
 Y - a +0 plate armour
Jewellery
 j - a +6 ring of strength (left hand)
 I - a ring of positive energy (right hand)
 O - a ring of protection from fire
Wands
 h - a wand of polymorph (8)
 X - a wand of iceblast (3)
Scrolls
 i - 2 scrolls of magic mapping
 k - 2 scrolls of vulnerability {unknown}
 l - 5 scrolls of identify
 o - 7 scrolls of teleportation {unknown}
 q - 2 scrolls of fear {unknown}
 r - 2 scrolls of blinking
 D - a scroll of amnesia {unknown}
 H - a scroll of enchant weapon {unknown}
 K - a scroll of enchant armour {unknown}
 P - 2 scrolls of summoning {unknown}
 R - a scroll of poison {unknown}
Potions
 p - 4 potions of curing {unknown}
 t - a potion of brilliance {unknown}
 z - 2 potions of attraction {unknown}
 L - a potion of cancellation {unknown}
 Q - 2 potions of flight
 S - 2 potions of lignification
 U - a potion of ambrosia {unknown}


   Skills:
 + Level 6.4 Fighting
 + Level 2.1(5.0) Short Blades
 + Level 8.0(8.2) Long Blades
 + Level 3.8 Maces & Flails
 + Level 0.8 Throwing
 + Level 7.8 Armour
 + Level 3.8 Dodging
 * Level 5.1 Stealth
 + Level 5.9 Shields
 + Level 0.6 Unarmed Combat


You had 5 spell levels left.
You knew the following spells:

 Your Spells              Type           Power      Damage    Failure   Level
a - Ozocubu's Armour      Ice            0%         N/A       98%         3

Your spell library contained the following spells:

 Spells                   Type           Power      Damage    Failure   Level
 Sandblast                Erth           0%         2d4       78%         1
 Blink                    Tloc           0%         N/A       89%         2
 Passwall                 Tmut/Erth      0%         N/A       89%         2
 Gell's Gravitas          Tloc           0%         N/A       98%         3
 Lesser Beckoning         Tloc           0%         N/A       98%         3
 Stone Arrow              Conj/Erth      0%         3d7       98%         3
 Teleport Other           Tloc           0%         N/A       98%         3
 Passage of Golubria      Tloc           0%         N/A       100%        4
 Manifold Assault         Tloc           0%         N/A       100%        5
 Silence                  Hex/Air        0%         N/A       100%        5
 Dispersal                Tloc           0%         N/A       100%        6
 Ozocubu's Refrigeration  Ice            0%         4d5       100%        7
 Lehudib's Crystal Spear  Conj/Erth      0%         10d2      100%        8


Dungeon Overview and Level Annotations

Branches:
Dungeon (8/15)             Temple (1/1) D:7
   Lair: D:8-11

Altars:
Ashenzari
Cheibriados
Dithmenos
Elyvilon
Fedhas
Gozag
Hepliaklqana
Kikubaaqudgha
Makhleb
Nemelex Xobeh
Okawaru
Qazlal
Ru
Sif Muna
Trog
Uskayaw
Vehumet
Wu Jian
Xom
Yredelemnul
Zin
The Shining One

Shops:
D:3 [

Annotations:
D:8 Amaemon


Innate Abilities, Weirdness & Mutations

You have a pair of horns on your head.
You reflexively headbutt those who attack you in melee.


Message History

a +0 dagger; a +0 robe; an orc corpse You hit the orc.
The orc is severely wounded.
The orc hits you with a +0 short sword.
* * * LOW HITPOINT WARNING * * *
You puncture the orc!
You kill the orc!
An orange demon comes into view.
Amaemon hits you with a -2 demon whip of venom!
* * * LOW HITPOINT WARNING * * *
You are poisoned.
You block Amaemon's attack. Amaemon closely misses you.
The orange demon screeches!
You puncture Amaemon!
Amaemon is lightly wounded.
You feel sick.
Amaemon drinks a potion.
Amaemon seems to grow stronger.
You closely miss Amaemon. You headbutt Amaemon!
Amaemon is moderately wounded.
You feel sick.
You puncture Amaemon!
Amaemon is moderately wounded.
You feel sick.
Amaemon points at the orange demon and mumbles some strange words.
The orange demon seems to grow toxic.
You barely miss Amaemon. Your headbutt misses Amaemon.
Amaemon is moderately wounded.
You feel sick.
Amaemon casts a spell.
You puncture Amaemon!
Amaemon is heavily wounded.
You feel sick. Amaemon barely misses you. You block Amaemon's attack. x2
The scorpion stings you.
* * * LOW HITPOINT WARNING * * *
You barely miss Amaemon.
Amaemon is heavily wounded.
You hit Amaemon.
Amaemon is heavily wounded.
You feel sick. You block the scorpion's attack.
Amaemon hits you with a -2 demon whip of venom.
You die...

#.# ..#.# #.# #.#.# #.#
#.#.# ####### #.# #.#.#
#.....# #.#
###.#.###.....####### #.#
#>......'.....'...... #.#
#.#.#.###.....######. #.#
..###...s..4.............
#.#
.......<@6#############..
#.########....# #..
#........'....# #..
##########....# ###
##<#.# ######.#######
#............#
#.####.......# #######
#.# #.......# #......


You could see Amaemon (strong), an orange demon (curare) and a scorpion
(summoned).

Vanquished Creatures
  Maurice (D:8)
  2 steam dragons (D:8)
  Menkaure (D:7)
  3 black bears
  3 ice beasts
  6 ogres
  2 phantoms
  3 bullfrogs
  A scorpion (D:5)
  3 howler monkeys
  5 jellies
  5 hounds
  Crazy Yiuf (D:6)
  An iguana (D:4)
  4 orc wizards
  7 gnolls
  10 adders
  A white imp (D:5)
  A worm (D:2)
  A dart slug (D:4)
  16 orcs
  6 endoplasms
  A giant cockroach (D:1)
  5 goblins
  11 hobgoblins
  4 kobolds
  A quokka (D:3)
  6 ball pythons
  4 bats
  3 frilled lizards
  7 rats
125 creatures vanquished.

Vanquished Creatures (others)
  2 plants (D:1)
2 creatures vanquished.

Grand Total: 127 creatures vanquished

Notes
Turn   | Place    | Note
-------+----------+-------------------------------------------
     0 | D:1      | dsb7d the Minotaur Fighter began the quest for the Orb.
     0 | D:1      | Reached XP level 1. HP: 19/19 MP: 0/0
   527 | D:1      | Reached XP level 2. HP: 21/27 MP: 1/1
   560 | D:1      | Found a faded altar of an unknown god.
  1331 | D:2      | Reached XP level 3. HP: 32/33 MP: 2/2
  1713 | D:2      | Reached XP level 4. HP: 29/40 MP: 3/3
  2429 | D:3      | Learned a level 3 spell: Ozocubu's Armour
  2705 | D:3      | Found Kurerykk's Armour Boutique.
  2728 | D:3      | Reached XP level 5. HP: 41/46 MP: 4/4
  2753 | D:3      | Identified the +4 long sword of Causality {vorpal, rElec
                  | Will- Str+2 Int+4}
  2863 | D:3      | Noticed an ogre
  2870 | D:3      | Killed an ogre
  2871 | D:3      | Reached skill level 5 in Armour
  2871 | D:3      | Reached skill level 1 in Dodging
  2871 | D:3      | Reached skill level 1 in Stealth
  3812 | D:4      | Reached skill level 1 in Long Blades
  3919 | D:4      | Reached XP level 6. HP: 43/53 MP: 5/5
  3955 | D:4      | Reached skill level 1 in Short Blades
  3972 | D:4      | Reached skill level 2 in Long Blades
  4227 | D:4      | Found an iron altar of Okawaru.
  4309 | D:4      | Reached XP level 7. HP: 55/60 MP: 6/6
  4466 | D:5      | Entered Level 5 of the Dungeon
  4596 | D:5      | Reached skill level 5 in Shields
  4846 | D:5      | Reached skill level 3 in Long Blades
  4880 | D:5      | Reached skill level 5 in Fighting
  5551 | D:5      | Reached skill level 4 in Long Blades
  5938 | D:6      | Reached XP level 8. HP: 57/68 MP: 7/7
  6011 | D:6      | Reached skill level 5 in Long Blades
  6691 | D:6      | Reached skill level 6 in Long Blades
  6810 | D:6      | Found a runed translucent door.
  6811 | D:6      | Noticed Crazy Yiuf
  6819 | D:6      | Killed Crazy Yiuf
  7282 | D:7      | Noticed Menkaure
  7290 | D:7      | Killed Menkaure
  7564 | D:7      | Found a staircase to the Ecumenical Temple.
  7585 | Temple   | Entered the Ecumenical Temple
  8210 | D:7      | Reached skill level 7 in Long Blades
  8210 | D:7      | Reached XP level 9. HP: 75/75 MP: 8/8
  9522 | D:8      | Noticed Maurice
  9549 | D:8      | Killed Maurice
  9550 | D:8      | Reached skill level 5 in Stealth
  9557 | D:8      | Reached skill level 8 in Long Blades
  9562 | D:8      | Noticed Amaemon
  9619 | D:8      | Noticed an orange demon
  9626 | D:8      | Slain by Amaemon

Illustrated notes

Levels and vault maps discovered:
D:1:      lightli_arrival_farm, layout_rooms, basic_ecumenical_altar,
          chequers_serial_rivers_marsh
D:2:      layout_basic
D:3:      layout_loops_ring, serial_shops, nicolae_shop_waterfront
D:4:      layout_loops_ring, okawaru_trees_1
D:5:      layout_gridville
D:6:      layout_loops_ring, uniq_crazy_yiuf_cottage
D:7:      layout_loops_corners, minmay_temple_entry_junction_2, uniq_menkaure
D:8:      layout_basic, uniq_grum, uniq_pikel, uniq_maurice, uniq_joseph,
          uniq_amaemon
Temple:   mainiacjoe_temple_archimedes_tessellation

Skill      XL: |  1  2  3  4  5  6  7  8  9 |
---------------+----------------------------+-----
Fighting       | 4 5 6 |  6.4
Armour         | 4 5 6 7 |  7.8
Shields        | 4 5 |  5.9
Maces & Flails | 3 |  3.8
Dodging        | 1 2 3 |  3.8
Stealth        | 1 2 3 4 5 |  5.1
Long Blades    | 1 2 4 7 8 |  8.0
Short Blades   | 1 2 |  2.1
Throwing       | |  0.8
Unarmed Combat | |  0.6

Action                   |  1- 3 |  4- 6 |  7- 9 || total
-------------------------+-------+-------+-------++-------
Melee: Flail             |    61 |     2 |       ||    63
       Headbutt          |    13 |    12 |    37 ||    62
       Short sword       |       |    35 |       ||    35
       Long sword        |       |    51 |   149 ||   200
       Dagger            |       |       |    80 ||    80
       Unarmed           |       |       |    17 ||    17
Throw: Stone             |       |     2 |       ||     2
       Dart              |       |       |     6 ||     6
  Use: Potion            |       |     3 |     4 ||     7
       Scroll            |       |     2 |     3 ||     5
Armor: Scale mail        |    22 |     5 |    25 ||    52
       Ring mail         |       |    30 |    74 ||   104
       Skin              |       |     1 |     4 ||     5
Dodge: Dodged            |    27 |    45 |   132 ||   204
Block: Buckler           |    17 |    21 |    50 ||    88

Table legend: (Time is in decaauts)
 A = Elapsed time spent in this place.
 B = Non-inter-level travel time spent in this place.
 C = Inter-level travel time spent in this place.
 D = Time resting spent in this place.
 E = Time spent auto-exploring this place.
 F = Levels seen in this place.
 G = Mean time per level.
                   A        B        C        D        E       F      G
               +--------+--------+--------+--------+--------+-----+--------+
         Total |   9679 |   9679 |      0 |   2171 |     58 |   9 | 1075.4 |
       Dungeon |   9117 |   9117 |      0 |   1896 |     58 |   8 | 1139.6 |
        Temple |    562 |    562 |      0 |    275 |      0 |   1 |  562.0 |
               +--------+--------+--------+--------+--------+-----+--------+

Top non-repeatable levels by time:
     D:7: 1564 daAuts
     D:5: 1439 daAuts
     D:2: 1383 daAuts
     D:3: 1275 daAuts
     D:6: 1114 daAuts
     D:1: 1017 daAuts
     D:4: 854 daAuts
  Temple: 562 daAuts
     D:8: 469 daAuts
